 Dungeon Crawl Stone Soup version 0.23-a0-319-gb40ba49 (webtiles) character file.

2828 Amnesiac the Geomancer (level 9, -4/68 HPs)
             Began as a Deep Dwarf Earth Elementalist on Oct 15, 2018.
             Was a Follower of Vehumet.
             Shot with an arrow by a centaur (6 damage)
             ... on level 8 of the Dungeon.
             The game lasted 00:27:37 (9549 turns).

Amnesiac the Geomancer (DDEE)                       Turns: 9549, Time: 00:27:38

Health: -4/68      AC:  7    Str: 10 (11) XL:     9   Next: 45%
Magic:  11/16      EV: 12    Int: 20      God:    Vehumet [*.....]
Gold:   544        SH:  0    Dex: 18      Spells: 2/18 levels left

rFire    . . .     SeeInvis .   a - +1 dagger (drain)
rCold    . . .     Gourm    .   (no shield)
rNeg     . . .     Faith    .   H - +2 leather armour {rPois}
rPois    +         Spirit   .   r - +1 helmet
rElec    .         Reflect  .   (no cloak)
rCorr    .         Harm     .   (no gloves)
MR       +....                  (no boots)
Stlth    +++.......             (no amulet)
HPRegen  0.00/turn              z - +5 ring of dexterity
MPRegen  0.15/turn              I - ring of flight

@: non-regenerating
A: damage resistance, heal wounds, sense surroundings 2, no regeneration
a: Heal Wounds, Renounce Religion, Evoke Flight


You were on level 8 of the Dungeon.
You worshipped Vehumet.
Vehumet was aware of your devotion.
You were not hungry.

You visited 2 branches of the dungeon, and saw 9 of its levels.
You also visited: Sewer.

You collected 544 gold pieces.

Inventory:

Hand Weapons
 a - a +1 dagger of draining (weapon)
 b - a +1 hunting sling of velocity
 F - a +0 blowgun
Missiles
 l - 74 stones (quivered)
 y - 24 sling bullets
 G - 48 poisoned needles
Armour
 r - a +1 helmet (worn)
 t - a +0 ring mail of fire resistance
 H - a +2 leather armour of poison resistance (worn)
Magical Staves
 m - an uncursed staff of conjuration
Jewellery
 f - an uncursed ring of see invisible {unknown}
 n - an uncursed ring of fire
 z - a +5 ring of dexterity (left hand)
 I - a ring of flight (right hand)
Wands
 e - a wand of polymorph (17)
 v - a wand of digging (3)
Scrolls
 c - 3 scrolls of magic mapping {!r}
 o - 6 scrolls of teleportation {!r}
 p - a scroll of remove curse {!r}
 w - a scroll of blinking {!r}
 A - 3 scrolls of fog {!r}
 D - a scroll of fear {!r}
Potions
 h - 2 potions of haste {!q}
 j - a potion of lignification {!q}
 k - 2 potions of flight {!q}
 q - a potion of cancellation {!q}
 s - 2 potions of berserk rage {!q}
 u - 2 potions of brilliance {!q}
 C - a potion of magic {!q}
 E - a potion of might {!q}
Comestibles
 d - 10 rations


   Skills:
 + Level 2.1 Short Blades
 - Level 2.4 Dodging
 - Level 5.0 Stealth
 + Level 5.2 Spellcasting
 + Level 8.8 Necromancy
 - Level 1.0 Transmutations
 - Level 10.0 Earth Magic


You had 2 spell levels left.
You knew the following spells:

 Your Spells              Type           Power        Failure   Level  Hunger
a - Sandblast             Erth           #####.       1%          1    None
b - Passwall              Tmut/Erth      ####....     2%          2    None
c - Stone Arrow           Conj/Erth      ####..       6%          3    ##.....
d - Lee's Rapid Deconstr  Erth           #####.....   7%          5    #####..
e - Vampiric Draining     Necr           #####.....   1%          3    ##.....
s - Corpse Rot            Necr           N/A          1%          2    None

Your spell library contained the following spells:

 Spells                   Type           Power        Failure   Level  Hunger
 Sting                    Conj/Pois      #...         16%         1    None
 Pain                     Necr           ####         1%          1    None
 Sublimation of Blood     Necr           #####.....   1%          2    None
 Animate Dead             Necr           N/A          4%          4    ####...
 Borgnjor's Vile Clutch   Necr/Erth      #####.....   9%          5    #####..
 Agony                    Necr           #####...     12%         5    #####..
 Dispel Undead            Necr           #####...     12%         5    #####..
 Petrify                  Tmut/Erth      ####....     16%         4    ####...
 Excruciating Wounds      Chrm/Necr      ###.......   56%         5    #####..


Dungeon Overview and Level Annotations

Branches:
Dungeon (8/15)             Temple (1/1) D:4
   Lair: D:8-11

Altars:
Ashenzari
Cheibriados
Elyvilon
Fedhas
Gozag
Hepliaklqana
Kikubaaqudgha
Makhleb
Nemelex Xobeh
Okawaru
Qazlal
Ru
Sif Muna
Trog
Uskayaw
Vehumet
Wu Jian
Xom
Yredelemnul
Zin
The Shining One

Shops:
D:4 =   D:5 :

Annotations:
D:4 DapperDogman's ghost, amateur GnFi
D:7 Joseph


Innate Abilities, Weirdness & Mutations

You are resistant to damage.
You can heal yourself by infusing magical energy.
You passively map the area around you.
You do not regenerate.


Message History

You open the door.
Found a basalt altar of Yredelemnul.
There is an open door here.
f - a brass ring Really walk into that cloud of foul pestilence?
Okay, then.
There is an open door here.
You open the door.
Found a glowing golden altar of the Shining One.
There is an open door here.
Partly explored, can't reach some items.
Okay, then.
Partly explored, can't reach some items.
Okay, then.
You are near starving!
You see here a dagger.
There is a stone staircase leading down here.
You climb downwards.
Found a potion of flight and 7 gold pieces.
There is a stone staircase leading up here.
k - 2 potions of flight {!q} (gained 1)
You now have 507 gold pieces (gained 7).
There is a stone staircase leading up here.
Found a stone staircase leading up.
You now have 527 gold pieces (gained 20).
You now have 544 gold pieces (gained 17).
You hear Kikubaaqudgha cackling.
Your body is wracked with pain!
The dead are walking, hopping and crawling! 3 zombies come into view.
The hound zombie bites you but does no damage.
There is a stone staircase leading up here.
The hound zombie bites you but does no damage.
You climb upwards.
Level annotation: Joseph
There is a stone staircase leading down here.
There is a stone staircase leading down here.
You see here 3 tomahawks of returning.
You see here a hand axe.
There is a stone staircase leading up here.
You are starving!
You can't go down here!
(D) Dungeon (T) Temple
Where to? (Enter - D:7 @ (x,y), ? - help)
There is a stone staircase leading down here.
You eat one of the 11 rations.
That ration really hit the spot!
You climb downwards.
A hound and a hungry ghost come into view.
There is a stone staircase leading up here.
A centaur comes into view.
The hound closely misses you. The hound bites you.
Casting: Lee's Rapid Deconstruction (safe; 7% risk of failure)
Confirm with . or Enter, or press ? or * to list all spells.
Aiming: Lee's Rapid Deconstruction (safe; 7% risk of failure)
Press: ? - help, Dir - move target cursor A rock wall.
The wall shatters!
The blast of rock fragments hits the hungry ghost.
The hungry ghost is moderately damaged.
The centaur shouts!
The hound bites you.
* * * LOW HITPOINT WARNING * * *
The centaur wields a shortbow.
The centaur shoots an arrow.
The arrow hits you!
You die...

, , ##,**
* ,,. ,*
,
###.#####
..c ...
,,
*#..#.#*
* , ,, ,
#..#<#*,*
* #....#*
*
*##.#@#*
* * ,
#.#h# , ,
**** ,
,.,.W.,,
*
**####.##
*, , ,
#.# , ,
,..# * *
* * ###
** *


You could see a hungry ghost, a centaur and a hound.

Vanquished Creatures
  A troll (D:7)
  Menkaure (D:7)
  Duvessa (D:7)
  An orc warrior (D:6)
  A hornet zombie (D:7)
  3 phantoms
  A sky beast (D:6)
  4 ogres
  A centaur (D:5)
  A big kobold (Sewer)
  2 scorpions
  Dowan (D:7)
  3 troll skeletons (D:7)
  2 howler monkeys
  3 crimson imps
  4 hounds
  4 quasits (D:3)
  A bullfrog skeleton (D:3)
  3 bullfrog zombies
  3 orc priests
  5 orc wizards
  A soldier ant zombie (D:6)
  2 centaur skeletons (D:7)
  Jessica (D:3)
  2 iguanas
  5 worker ants
  A hound zombie (D:6)
  Robin (D:2)
  4 gnolls
  8 adders
  2 shadow imps
  3 oozes
  An adder zombie (D:6)
  A worm zombie (D:3)
  An orc zombie (D:6)
  5 worms
  2 dart slugs
  10 leopard geckos
  22 orcs
  7 giant cockroaches
  18 goblins
  13 hobgoblins
  2 jackals (D:3)
  A quokka (D:5)
  4 ball pythons (Sewer)
  5 bats
  A dart slug zombie (D:6)
  3 frilled lizards
  A frilled lizard skeleton (D:7)
  2 gnoll skeletons (D:7)
  2 goblin skeletons
  A hobgoblin zombie (D:3)
  12 kobolds
  3 orc skeletons
  A quokka skeleton (D:7)
  8 rats
  A rat skeleton (D:7)
203 creatures vanquished.

Notes
Turn   | Place    | Note
-------+----------+-------------------------------------------
     0 | D:1      | Amnesiac the Deep Dwarf Earth Elementalist began the quest
                  | for the Orb.
     0 | D:1      | Reached XP level 1. HP: 15/15 MP: 3/3
   126 | D:1      | Reached XP level 2. HP: 14/22 MP: 1/4
   130 | D:1      | Learned a level 2 spell: Passwall
   446 | D:2      | Reached skill level 1 in Transmutations
   477 | D:2      | Found an iron altar of Okawaru.
   492 | D:2      | Reached XP level 3. HP: 4/28 MP: 1/6
   697 | D:2      | Found an ancient bone altar of Kikubaaqudgha.
   759 | D:2      | Became a worshipper of Kikubaaqudgha
   865 | D:1      | Learned a level 3 spell: Stone Arrow
  1196 | D:2      | Found a hazy altar of Hepliaklqana.
  1255 | D:2      | Noticed Robin
  1318 | D:2      | Reached skill level 5 in Earth Magic
  1325 | D:2      | Reached XP level 4. HP: 5/36 MP: 4/7
  1329 | D:2      | Killed Robin
  1410 | D:2      | Reached skill level 1 in Necromancy
  1447 | D:2      | Reached * piety under Kikubaaqudgha
  1447 | D:2      | Identified Kikubaaqudgha's Guide on Darkness (Kikubaaqudgha
                  | gifted it to you on level 2 of the Dungeon)
  1447 | D:2      | Received a gift from Kikubaaqudgha
  2148 | D:3      | Noticed Jessica
  2176 | D:2      | Learned a level 3 spell: Vampiric Draining
  2273 | D:3      | Killed Jessica
  2293 | D:3      | Reached XP level 5. HP: 40/42 MP: 5/9
  2447 | D:3      | Found a transporter.
  2454 | D:3      | Found a transporter.
  2634 | D:3      | Noticed DapperDogman's ghost (amateur GnFi)
  2663 | D:3      | Reached skill level 1 in Short Blades
  2663 | D:3      | Reached XP level 6. HP: 31/49 MP: 6/10
  2697 | D:3      | Found a shimmering altar of Xom.
  2955 | D:3      | Found an ornate altar of the Wu Jian Council.
  3081 | D:4      | Found Idayghaq's Jewellery Boutique.
  3147 | D:4      | Reached ** piety under Kikubaaqudgha
  3307 | D:4      | Found a staircase to the Ecumenical Temple.
  3332 | Temple   | Entered the Ecumenical Temple
  3419 | D:4      | Found a radiant altar of Vehumet.
  3878 | D:5      | Entered Level 5 of the Dungeon
  3882 | D:5      | Reached skill level 5 in Necromancy
  3923 | D:5      | Reached XP level 7. HP: 26/55 MP: 7/11
  3927 | D:5      | Learned a level 2 spell: Corpse Rot
  4489 | D:5      | Reached XP level 8. HP: 39/62 MP: 5/12
  4532 | D:5      | Found Obuorama's Book Emporium.
  4604 | D:5      | Found an iron altar of Okawaru.
  4777 | D:5      | Found a hide-covered altar of Uskayaw.
  4777 | D:5      | Found a white marble altar of Elyvilon.
  4987 | D:5      | Found a bloodstained altar of Trog.
  5259 | D:6      | Reached skill level 6 in Earth Magic
  5308 | D:6      | Found a glowing drain.
  5343 | Sewer    | Entered a sewer
  5415 | Sewer    | Reached *** piety under Kikubaaqudgha
  5415 | Sewer    | Identified Kikubaaqudgha's Reference Book on Stolen Souls
                  | (Kikubaaqudgha gifted it to you in a sewer)
  5415 | Sewer    | Received a gift from Kikubaaqudgha
  5415 | Sewer    | Reached skill level 5 in Stealth
  5416 | Sewer    | Fell from the grace of Kikubaaqudgha
  5741 | D:6      | Reached skill level 7 in Earth Magic
  5875 | D:4      | Became a worshipper of Vehumet
  6310 | D:3      | HP: 2/62 [DapperDogman's ghost (6)]
  6836 | D:6      | Reached skill level 8 in Earth Magic
  7411 | D:7      | Reached skill level 9 in Earth Magic
  7411 | D:7      | Gained mutation: You passively map the area around you.
                  | [Deep Dwarf growth]
  7411 | D:7      | Reached XP level 9. HP: 44/68 MP: 8/15
  7527 | D:7      | Reached * piety under Vehumet
  7527 | D:7      | Offered knowledge of Sting by Vehumet.
  7534 | D:7      | Learned a level 5 spell: Lee's Rapid Deconstruction
  7947 | D:7      | Noticed Duvessa
  7954 | D:7      | Noticed Dowan
  8059 | D:7      | Killed Dowan
  8210 | D:7      | Noticed Menkaure
  8212 | D:7      | Killed Menkaure
  8338 | D:7      | Killed Duvessa
  8338 | D:7      | Reached skill level 10 in Earth Magic
  8340 | D:7      | Noticed Joseph
  8521 | D:7      | Reached skill level 5 in Spellcasting
  9231 | D:7      | Noticed a troll
  9233 | D:7      | Killed a troll
  9301 | D:7      | Found a basalt altar of Yredelemnul.
  9303 | D:7      | Noticed a profane servitor
  9315 | D:7      | Found a glowing golden altar of the Shining One.
  9549 | D:8      | HP: 2/68 [hound (4)]
  9549 | D:8      | Shot with an arrow by a centaur

Vault maps used:
D:1:      eino_arrival_cavern_d
D:2:      lemuel_coloured_pillars_altar, marbit_many_paths, lemuel_round_altar,
          minmay_vboxes, uniq_robin
D:3:      overflow_temple_1_default, nicolae_overflow_hidden_temple,
          gammafunk_ghost_stat_death, cheibrodos_gnoll_hut, uniq_jessica
D:4:      vehumet_crystals, minmay_temple_entry_glassed_door, serial_shops, shop
D:5:      gammafunk_temple_overflow_wave, lightli_temple_of_fire, first_ration,
          serial_shops, nicolae_shop_statue_plus, okawaru_ov_weapons_minmay
D:6:      cheibrodos_sewer_entry_bend
D:7:      grunt_temple_overflow_holy_war, uniq_joseph, uniq_menkaure,
          uniq_duvessa
Temple:   eino_wide_crystal_templ
Sewer:    sewer_co_15_rooms

Skill      XL: |  1  2  3  4  5  6  7  8  9 |
---------------+----------------------------+-----
Spellcasting   | 2 3 4 5 |  5.2
Transmutations | 1 |  1.0
Stealth        | 3 4 5 |  5.0
Earth Magic    | 5 9 10 | 10.0
Necromancy     | 2 3 5 8 |  8.8
Short Blades   | 1 2 |  2.1
Dodging        | |  2.4

Action                   |  1- 3 |  4- 6 |  7- 9 || total
-------------------------+-------+-------+-------++-------
Melee: Dagger            |    44 |       |     2 ||    46
       Unarmed           |     1 |       |       ||     1
 Fire: Hunting sling     |     6 |    53 |   262 ||   321
 Cast: Sandblast         |    50 |    46 |    64 ||   160
       Passwall          |     1 |       |     5 ||     6
       Vampiric Draining |       |       |    31 ||    31
       Stone Arrow       |       |       |    15 ||    15
       Lee's Rapid Decon |       |       |    27 ||    27
Invok: Renounce Religion |       |       |     1 ||     1
 Abil: Heal Wounds       |       |       |     1 ||     1
  Use: Scroll            |     2 |     7 |     8 ||    17
       Potion            |       |     4 |    11 ||    15
 Stab: Sleeping          |     2 |       |       ||     2
  Eat: Chunk             |     2 |     8 |    17 ||    27
       Ration            |       |       |     4 ||     4
Armor: Robe              |     3 |     6 |    70 ||    79
       Leather armour    |    11 |       |     6 ||    17
Dodge: Dodged            |    34 |    12 |   159 ||   205

Table legend:
 A = Non-vault XP
 B = Vault XP
 C = Vault XP percentage of total XP
 D = Non-vault monster count
 E = Vault monster count
 F = Vault count percentage of total count
                 A         B        C        D         E       F
            +---------+---------+-------+---------+---------+-------
      Total |    3130 |     910 |  22.5 |     133 |      47 |  26.1
            +---------+---------+-------+---------+---------+-------
        D:1 |      33 |       0 |   0.0 |      16 |       0 |   0.0
        D:2 |      67 |      43 |  39.1 |      26 |      16 |  38.1
        D:3 |     229 |     319 |  58.2 |      18 |       8 |  30.8
        D:4 |     161 |       0 |   0.0 |       4 |       0 |   0.0
        D:5 |     816 |       0 |   0.0 |      29 |       0 |   0.0
        D:6 |     742 |       5 |   0.7 |      15 |       1 |   6.2
        D:7 |    1082 |     381 |  26.0 |      25 |       3 |  10.7
      Sewer |       0 |     162 | 100.0 |       0 |      19 | 100.0
            +---------+---------+-------+---------+---------+-------
